 Dungeon Crawl Stone Soup version 0.31-a0-626-g8143ab4f1d (webtiles) character file.

Game seed: 14301714008029753354

479 Shayle the Trooper (level 7, -6/111 HPs)
             Began as an Ogre Shapeshifter on Aug 23, 2023.
             Was a Follower of Kikubaaqudgha.
             Mangled by an ogre
             ... wielding a +0 giant club
              (18 damage)
             ... on level 5 of the Dungeon on Aug 24, 2023.
             The game lasted 00:17:10 (3889 turns).

Shayle the Trooper (Ogre Shapeshifter)              Turns: 3889, Time: 00:17:10

Health: -6/111     AC:  3    Str: 20    XL:     7   Next: 11%
Magic:  13/13      EV:  9    Int: 11    God:    Kikubaaqudgha [*.....]
Gold:   208        SH:  0    Dex:  9    Spells: 14/14 levels left

rFire   + .          .
                       - Unarmed
rCold   + . .        (no shield)
rNeg    . . .        a - +0 animal skin
rPois   +            (helmet currently unavailable)
rElec   +            (cloak currently unavailable)
rCorr   +            (gloves unavailable)
SInv    .            (boots unavailable)
Will    .....        (no amulet) Stlth
                     (no ring)
HPRegen 0.38/turn    (no ring)
MPRegen 0.13/turn

%: no passive effects
@: berserking, beast-form, resistant, attractive, very quick
A: beast (slay +1), large, unfitting armour, tough skin 1
a: Begin Untransformation, Renounce Religion, Unearth Wretches


You were on level 5 of the Dungeon.
You worshipped Kikubaaqudgha.
Kikubaaqudgha was aware of your devotion.
You were a hulking beast.
You visited 1 branch of the dungeon, and saw 6 of its levels.

You collected 208 gold pieces.

Inventory:

Missiles
 g - 2 datura-tipped darts
 w - 5 silver javelins (quivered)
Armour
 a - a +0 animal skin (worn)
 e - an orb of guile
Talismans
 c - a beast talisman (active)
 d - a flux talisman
Scrolls
 f - 5 scrolls of identify
 k - 2 scrolls of immolation
 o - a scroll of summoning {unknown}
 s - a scroll of enchant weapon {unknown}
 u - a scroll of vulnerability {unknown}
 v - a scroll of torment {unknown}
Potions
 b - a potion of mutation {unknown}
 h - a potion of ambrosia {unknown}
 j - a potion of cancellation
 p - a potion of curing
 t - a potion of resistance
 x - a potion of brilliance {unknown}
 z - a potion of heal wounds {unknown}


   Skills:
 + Level 5.7 Fighting
 - Level 1.7 Dodging
 + Level 4.5 Unarmed Combat
 + Level 4.2 Spellcasting
 - Level 3.0 Shapeshifting


You had 14 spell levels left.
You didn't know any spells.
Your spell library contained the following spells:

 Spells                   Type           Power      Damage    Failure   Level
 Necrotise                Necr           8%         1d4       24%         1
 Slow                     Hex            8%         N/A       24%         1
 Blink                    Tloc           4%         N/A       34%         2
 Cigotuvi's Dreadful Rot  Necr/Pois/Air  4%         N/A       34%         2
 Confusing Touch          Hex            2%         N/A       56%         3
 Stone Arrow              Conj/Erth      4%         3d7       56%         3
 Vampiric Draining        Necr           2%         2d6       56%         3
 Animate Armour           Summ/Erth      4%         N/A       93%         4
 Animate Dead             Necr           2%         N/A       93%         4
 Manifold Assault         Tloc           2%         N/A       93%         4
 Olgreb's Toxic Radiance  Pois           2%         N/A       93%         4
 Borgnjor's Vile Clutch   Necr/Erth      1%         N/A       100%        5
 Death Channel            Necr           1%         N/A       100%        6
 Discord                  Hex            1%         N/A       100%        8
 Ignition                 Fire           1%         3d3       100%        8
 Lehudib's Crystal Spear  Conj/Erth      1%         10d2      100%        8


Dungeon Overview and Level Annotations

Branches:
Dungeon (6/15)             Temple (0/1) D:5

Altars:
Ashenzari
Hepliaklqana
Kikubaaqudgha
The Shining One

Shops:
D:4 *

Annotations:
D:6 Maggie


Innate Abilities, Weirdness & Mutations

You are a hulking beast.
Your limbs bulge with bestial killing power. (Slay +1)
You are too large for most types of armour.
You have tough skin. (AC +1)


Message History

The centaur wields a +0 shortbow.
The centaur shoots an arrow.
The arrow hits you!
The centaur shoots an arrow.
The arrow closely misses you.
The centaur shoots an arrow.
The arrow hits you!
* * * LOW HITPOINT WARNING * * *
You hear a howl!
You hear an angry hiss.
A howler monkey comes into view.
An adder comes into view.
The iguana attacks as it pursues you!
The iguana bites you but does no damage.
The iguana attacks as it pursues you! The iguana barely misses you.
The iguana attacks as it pursues you! The iguana bites you!
* * * LOW HITPOINT WARNING * * *
There is an escape hatch in the ceiling here.
The iguana misses you. A mysterious force pulls you upwards.
The hatch slams shut behind you.
The ogre shouts!
The ogre completely misses you.
It was a potion of cancellation.
You feel magically purged. The ogre barely misses you.
The iguana bites you but does no damage.
It was a potion of curing.
You feel better. The iguana bites you.
* * * LOW HITPOINT WARNING * * *
Found a staircase to the Ecumenical Temple.
It was a potion of resistance.
You feel protected. The ogre hits you with a +0 giant club.
* * * LOW HITPOINT WARNING * * *
It was a potion of attraction.
You feel attractive to monsters. The ogre barely misses you.
It was a potion of berserk rage.
A red film seems to cover your vision as you go berserk!
You feel yourself moving faster!
You feel mighty!
You punch the ogre!
The ogre is heavily wounded.
The ogre hits you with a +0 giant club!!
You die...
Kikubaaqudgha rasps: "You have failed me!
Welcome... death!"

#. .> #.. .. #.###.
..#.. ...⌠ ..##### #..
.... ..# ##.######
...# #.#
#..h#...###+#..# #.#
#.⌠.O.⌠.#...#..###.#
#...#...##>.....##.#
############.O..####..
#...>.# #.###...###...
#.....# #.# #...#...##
#.##'## #.# #.......#⌠
#.##.####.###.....).#.
#.##.##.....##...##...


You could see an ogre.

Vanquished Creatures
  Menkaure (D:4)
  A centaur (D:4)
  A scorpion (D:6)
  A howler monkey (D:4)
  A jelly (D:4)
  An iguana (D:5)
  3 adders
  3 worms
  A dart slug (D:1)
  3 orcs
  7 endoplasms
  3 giant cockroaches
  11 goblins
  10 hobgoblins
  6 jackals
  6 kobolds
  2 quokkas
  4 ball pythons (D:1)
  7 bats
  4 frilled lizards
  7 rats
83 creatures vanquished.

Notes
Turn   | Place    | Note
-------+----------+-------------------------------------------
     0 | D:1      | Shayle the Ogre Shapeshifter began the quest for the Orb.
     0 | D:1      | Reached XP level 1. HP: 19/19 MP: 1/1
    97 | D:1      | Reached XP level 2. HP: 23/28 MP: 1/3
   102 | D:1      | Reached skill level 2 in Fighting
   109 | D:1      | Reached skill level 1 in Spellcasting
   460 | D:1      | Reached XP level 3. HP: 30/36 MP: 4/4
   562 | D:1      | Upgraded the game from 0.31-a0-620-gd1cbd99268 to
                  | 0.31-a0-626-g8143ab4f1d
  1213 | D:2      | Reached skill level 3 in Fighting
  1279 | D:2      | Found a hazy altar of Hepliaklqana.
  1414 | D:2      | Reached XP level 4. HP: 41/45 MP: 5/7
  2302 | D:3      | Found an ancient bone altar of Kikubaaqudgha.
  2302 | D:3      | Found a glowing golden altar of the Shining One.
  2307 | D:3      | Became a worshipper of Kikubaaqudgha
  2897 | D:4      | Found Jarphote's Gadget Gallery.
  2911 | D:4      | Reached XP level 5. HP: 54/54 MP: 8/8
  2925 | D:4      | Reached skill level 4 in Fighting
  3056 | D:4      | Noticed a centaur
  3072 | D:4      | Killed a centaur
  3073 | D:4      | Reached XP level 6. HP: 21/63 MP: 10/10
  3237 | D:4      | Noticed Menkaure
  3250 | D:4      | Killed Menkaure
  3251 | D:4      | Reached skill level 5 in Fighting
  3545 | D:5      | Entered Level 5 of the Dungeon
  3764 | D:5      | Found a broken altar of Ashenzari.
  3832 | D:6      | Noticed Maggie
  3850 | D:6      | Reached * piety under Kikubaaqudgha
  3850 | D:6      | Received a gift from Kikubaaqudgha
  3851 | D:6      | Reached XP level 7. HP: 49/74 MP: 13/13
  3885 | D:5      | Found a staircase to the Ecumenical Temple.
  3889 | D:5      | Mangled by an ogre

Illustrated notes

Levels and vault maps discovered:
D:1:      matt_arrival_spirals, layout_basic, serial_co_window_serial,
          co_window_corner_a, co_window_of_opportunity_a, co_window_paths_b,
          co_window_paths_b, co_window_paths_b, co_window_unsneaky_path_a,
          co_window_broadway_c, co_window_of_opportunity_c, glass_columns_a,
          glass_columns_b, st_stairs_4
D:2:      layout_basic, basic_altar, minmay_tetromino_t4
D:3:      minmay_evil_eye, layout_loops_ring,
          chequers_temple_overflow_statue_of_worship, serial_bayou_lake_a
D:4:      layout_basic, nicolae_shop_gadgets, uniq_ijyb, uniq_pikel,
          uniq_menkaure
D:5:      layout_basic, evilmike_ruin_ashenzari, minmay_temple_entry_nine_rooms,
          dk_noncrumbling_2
D:6:      layout_layer_cave, dreamdust_wishing_well,
          chequers_serial_rivers_small_b, uniq_maggie

Skill      XL: |  1  2  3  4  5  6 |
---------------+-------------------+-----
Fighting       | 2 3 4 5 |  5.7
Spellcasting   | 1 2 3 4 |  4.2
Unarmed Combat | 3 4 |  4.5
Dodging        | |  1.7
Shapeshifting  | |  3.0

Action                     |  1- 3 |  4- 6 |  7- 9 || total
---------------------------+-------+-------+-------++-------
  Melee: Unarmed           |   117 |   137 |     2 ||   256
         Punch             |     3 |     3 |       ||     6
  Throw: Javelin           |       |     5 |       ||     5
    Use: Scroll            |       |     6 |       ||     6
         Potion            |       |     1 |     5 ||     6
   Stab: Distracted        |     1 |       |       ||     1
 Armour: Animal skin       |    33 |    40 |     2 ||    75
         Skin              |       |     3 |       ||     3
  Dodge: Dodged            |    61 |    55 |     9 ||   125

Table legend: (Time is in decaauts)
 A = Elapsed time spent in this place.
 B = Non-inter-level travel time spent in this place.
 C = Inter-level travel time spent in this place.
 D = Time resting spent in this place.
 E = Time spent auto-exploring this place.
 F = Levels seen in this place.
 G = Mean time per level.
                   A        B        C        D        E       F      G
               +--------+--------+--------+--------+--------+-----+--------+
         Total |   3873 |   3795 |     78 |    601 |   2321 |   6 |  645.5 |
       Dungeon |   3873 |   3795 |     78 |    601 |   2321 |   6 |  645.5 |
               +--------+--------+--------+--------+--------+-----+--------+

Top non-repeatable levels by time:
     D:1: 1092 daAuts
     D:2: 934 daAuts
     D:3: 852 daAuts
     D:4: 653 daAuts
     D:5: 292 daAuts
     D:6: 49 daAuts
